 Dungeon Crawl Stone Soup version 0.28.0-53-g5a82cb258f (webtiles) character file.

Game seed: 3160656279631787132

377 issech the Skirmisher (level 6, -3/53 HPs)
             Began as a Minotaur Monk on June 16, 2022.
             Slain by a wyvern (7 damage)
             ... on level 5 of the Dungeon.
             The game lasted 00:10:37 (4106 turns).

issech the Skirmisher (Minotaur Monk)               Turns: 4106, Time: 00:10:38

Health: -3/53      AC: 10    Str: 16    XL:     6   Next: 45%
Magic:  5/5        EV:  8    Int:  7    God:
Gold:   274        SH:  0    Dex: 14    Spells: 5/5 levels left

rFire   . . .      SeeInvis .   h - +0 hunting sling
rCold   . . .      Faith    .   (no shield)
rNeg    . . .      Spirit   .   t - +0 chain mail
rPois   .          Reflect  .   (helmet restricted)
rElec   .          Harm     .   (no cloak)
rCorr   .          Rampage  .   C - +0 pair of gloves
Will    .....                   (no boots)
Stlth   ..........              (no amulet)
HPRegen 0.17/turn               A - ring of flight
MPRegen 0.09/turn               (no ring)

@: flying
A: horns 2, retaliatory headbutt
a: no special abilities


You were on level 5 of the Dungeon.
You visited 1 branch of the dungeon, and saw 5 of its levels.

You collected 284 gold pieces.
You spent 10 gold pieces at shops.

Inventory:

Hand Weapons
 a - a +0 hand axe
 d - a +0 flail
 g - a +0 dagger of draining
 h - a +0 hunting sling (weapon)
 j - a +0 short sword of venom
 u - a +0 trident
 v - a +0 scythe
Missiles
 c - 219 stones (quivered ammo)
 m - 29 sling bullets
 q - 34 bolts
Armour
 t - a +0 chain mail (worn)
 x - a +0 scale mail
 C - a +0 pair of gloves (worn)
Jewellery
 A - a ring of flight (left hand)
Scrolls
 b - a scroll of immolation {unknown}
 i - a scroll of magic mapping {unknown}
 l - 4 scrolls of identify {unknown}
 n - 3 scrolls of fog {unknown}
 p - a scroll of blinking {unknown}
 s - a scroll of enchant weapon {unknown}
 y - a scroll of amnesia {unknown}
Potions
 e - 2 potions of haste {unknown}
 f - a potion of degeneration
 k - 2 potions of heal wounds {unknown}
 o - a potion of curing {unknown}
 r - a potion of magic {unknown}
 w - a potion of lignification {unknown}
 z - a potion of attraction {unknown}
 B - a potion of mutation {unknown}


   Skills:
 + Level 4.7 Fighting
 + Level 2.1 Short Blades
 + Level 4.1 Axes
 + Level 3.3 Slings
 + Level 0.1(1.8) Throwing
 + Level 3.3 Armour
 + Level 4.3 Dodging
 + Level 2.1 Stealth


You had 5 spell levels left.
You didn't know any spells.
Your spell library was empty.

Dungeon Overview and Level Annotations

Branches:
Dungeon (5/15)
 Temple: D:4-7

Altars:
Gozag
Okawaru
Trog

Shops:
D:1 !   D:5 *


Innate Abilities, Weirdness & Mutations

You have a pair of horns on your head.
You reflexively headbutt those who attack you in melee.


Message History

There is a stone staircase leading up here.
q - 34 bolts (gained 20)
Found Qughav's General Store.
Found a scale mail.
You now have 249 gold pieces (gained 12).
There is an entrance to Qughav's General Store here.
You can access your shopping list by pressing '$'.
You see here a +0 scale mail.
x - a +0 scale mail
Okay, then.
You now have 264 gold pieces (gained 15).
Found an opulent altar of Gozag.
Found a stone staircase leading down.
Found a pair of gloves.
No target in view!
Found an escape hatch in the floor.
Found 10 gold pieces.
You see here a +0 pair of gloves.
You start putting on your armour.
You continue putting on your +0 pair of gloves. x4
You finish putting on your +0 pair of gloves.
You now have 274 gold pieces (gained 10).
There is a stone staircase leading down here.
A wyvern and an ogre come into view.
Found a helmet.
Found a stone staircase leading up.
The ogre shouts!
You shoot a stone. The stone barely misses the wyvern.
The wyvern bites you. The wyvern bites you! The wyvern bites you!
The wyvern bites you but does no damage.
The wyvern bites you but does no damage.
The wyvern bites you but does no damage.
The wyvern bites you!
The wyvern bites you but does no damage.
The wyvern barely misses you.
There is an escape hatch in the floor here.
The wyvern bites you!
* * * LOW HITPOINT WARNING * * *
The wyvern bites you!
You die...

##.##.....######
##....# #..
###.###....## ##....#
#####.####..........##
##.....#
#.......O.#..........#
#......#
#........###........##
##......# #....>.###
##.......# #........
#.....## #......##
#....∩... #....##
#.Ol...# ##........
#....# ##.@..##
#......... ##...#
#....# #.........
#....# ##..##
#......... #......#
#### ##.........
#.(....... #..........
#.........#
#..........
#.........#
###........
#.....<.[## ##.....<.
#........# ###.....


You could see a wyvern and an ogre.

Vanquished Creatures
  Sigmund (D:3)
  A scorpion (D:4)
  A centaur zombie (D:3)
  An iguana (D:4)
  3 adders
  A dart slug (D:1)
  An orc (D:3)
  9 endoplasms
  4 giant cockroaches
  5 goblins
  5 hobgoblins
  4 jackals
  10 kobolds
  3 quokkas
  8 ball pythons
  2 bats (D:1)
  3 frilled lizards
  8 rats
70 creatures vanquished.

Vanquished Creatures (others)
  5 plants (D:1)
5 creatures vanquished.

Grand Total: 75 creatures vanquished

Notes
Turn   | Place    | Note
-------+----------+-------------------------------------------
     0 | D:1      | issech the Minotaur Monk began the quest for the Orb.
     0 | D:1      | Reached XP level 1. HP: 19/19 MP: 0/0
   242 | D:1      | Found Wotsel's Distillery.
   267 | D:1      | Bought a potion of degeneration for 10 gold pieces
   298 | D:1      | Reached XP level 2. HP: 27/27 MP: 1/1
   948 | D:2      | Reached XP level 3. HP: 31/33 MP: 2/2
  1682 | D:3      | Reached skill level 1 in Slings
  1682 | D:3      | Reached XP level 4. HP: 33/41 MP: 3/3
  2219 | D:3      | Found a bloodstained altar of Trog.
  2561 | D:3      | Noticed Sigmund
  2861 | D:3      | Killed Sigmund
  2862 | D:3      | Reached skill level 1 in Short Blades
  2862 | D:3      | Reached XP level 5. HP: 35/47 MP: 4/4
  3009 | D:4      | Reached XP level 6. HP: 52/53 MP: 5/5
  3466 | D:4      | Found an iron altar of Okawaru.
  3922 | D:5      | Entered Level 5 of the Dungeon
  3928 | D:5      | Found Qughav's General Store.
  4036 | D:5      | Found an opulent altar of Gozag.
  4087 | D:5      | Noticed a wyvern
  4106 | D:5      | Slain by a wyvern

Illustrated notes

Levels and vault maps discovered:
D:1:      minmay_arrival_shattered_statue, layout_basic, serial_shops,
          nicolae_shop_waterfront, st_stairs_12, minmay_strange_pillars,
          kennysheep_boxes
D:2:      layout_rooms, minivault_11, minmay_ruptured
D:3:      layout_loops_ring, mainiacjoe_overflow_alcove_4,
          nicolae_elevator_lobby_asterisk, uniq_sigmund
D:4:      layout_loops_ring, okawaru_metal_pillars_1_2
D:5:      cheibrodos_two_vegetables, layout_cave_pods, grunt_gozag_statues,
          serial_shops, shop_scrolls, nicolae_shop_hallway_stairs,
          nicolae_shop_stone, shop, minmay_misc_feat_x

Skill      XL: |  1  2  3  4  5  6 |
---------------+-------------------+-----
Fighting       | 4 |  4.7
Axes           | 4 |  4.1
Slings         | 1 2 3 |  3.3
Dodging        | 4 |  4.3
Short Blades   | 1 2 |  2.1
Armour         | 2 3 |  3.3
Stealth        | 2 |  2.1
Throwing       | |  0.1

Action                   |  1- 3 |  4- 6 || total
-------------------------+-------+-------++-------
Melee: Hand axe          |    34 |       ||    34
       Headbutt          |     9 |     7 ||    16
       Short sword       |     9 |    63 ||    72
       Punch             |       |     2 ||     2
 Fire: Hunting sling     |    54 |    27 ||    81
Throw: Stone             |       |     3 ||     3
 Stab: Sleeping          |     2 |       ||     2
       Distracted        |       |     1 ||     1
Armor: Ring mail         |    30 |     3 ||    33
       Robe              |     1 |       ||     1
       Chain mail        |       |    45 ||    45
Dodge: Dodged            |    47 |    47 ||    94
